Map: Colonisation EC

Players

fOru

  • Race: Terran Terran
  • League: Diamond

zuka - Winner!

  • Race: Protoss Protoss
  • League: Master

VOD

Have the link to the VOD?

Description

Time

  • Played on: May 24, 2016, 2 p.m.
  • Length: 10:29
Show
View Real Time Build Order
Export as new Build Order

fOru Terran 

Build Orders: MMM Bio 

Get SALT Encoding   

  12  0:01  SCV  
  13  0:13  SCV  
  14  0:18  Supply Depot  
  14  0:25  SCV  
  15  0:39  SCV  
  15  0:40  Barracks  
  16  0:44  Refinery  
  16  0:52  SCV  
  17  1:04  SCV  
  18  1:16  SCV  
  19  1:28  SCV  
  19  1:29  Reaper  
  21  1:41  Command Center  
  21  1:51  Orbital Command  
  21  1:59  Supply Depot  
  21  2:09  Factory  
  21  2:17  Refinery  
  21  2:19  SCV  
  22  2:24  Barracks Reactor  
  22  2:31  SCV  
  23  2:43  SCV  
  23  2:55  SCV  
  24  2:58  Bunker  
  24  2:59  Orbital Command  
  28  3:07  SCV  
  26  3:18  Starport  
  26  3:19  Factory Tech Lab  
  25  3:23  Marine x2  
  26  3:27  Bunker  
  26  3:39  Engineering Bay, SCV  
  26  3:41  Marine x2  
  29  3:48  Supply Depot  
  27  4:05  Marine x2  
  28  4:10  Siege Tank  
  30  4:21  SCV  
  30  4:22  SCV  
  32  4:34  SCV x2  
  32  4:35  Supply Depot  
  38  4:47  Liberator  
  38  4:48  Liberator  
  38  4:49  SCV  
  38  4:53  SCV  
  36  5:01  SCV  
  36  5:02  Factory Tech Lab, Supply Depot  
  36  5:03  Supply Depot  
  36  5:04  Supply Depot, Stimpack  
  36  5:05  SCV  
  43  5:14  SCV  
  39  5:17  SCV  
  36  5:26  SCV  
  37  5:29  SCV  
  38  5:38  SCV  
  38  5:41  Marine, SCV  
  41  5:47  Barracks  
  41  5:48  Barracks  
  41  5:50  SCV  
  41  5:52  Medivac  
  43  5:59  Marine, Supply Depot  
  43  6:02  SCV x2  
  46  6:14  Command Center, SCV  
  46  6:15  SCV  
  46  6:16  Marine  
  49  6:26  Siege Tank, SCV  
  49  6:27  SCV  
  54  6:38  SCV  
  52  6:49  Barracks Tech Lab, Barracks Reactor  
  52  6:50  Marine  
  52  6:52  SCV x2  
  52  6:53  Terran Infantry Weapons Level 1  
  55  6:58  Refinery  
  55  7:00  Refinery  
  55  7:02  Barracks  
  55  7:04  Barracks, SCV x2  
  55  7:08  Marine  
  58  7:11  Supply Depot  
  58  7:12  Supply Depot  
  58  7:16  SCV  
  58  7:19  Marine  
  58  7:20  Combat Shields  
  58  7:22  Concussive Shells  
  60  7:24  SCV  
  60  7:25  Marine  
  60  7:28  SCV  
  63  7:30  Orbital Command  
  63  7:36  Supply Depot  
  63  7:38  Marine x3  
  66  7:45  Medivac x2  
  66  7:46  SCV  
  66  7:49  SCV  
  66  7:50  Barracks Reactor  
  66  7:51  Barracks Tech Lab  
  72  7:55  SCV  
  73  7:59  SCV  
  73  8:00  Marine x2  
  76  8:13  Marine, SCV x2  
  76  8:14  Marine x2  
  76  8:15  Orbital Command  
  76  8:17  Marine, Siege Tank  
  76  8:18  Marine  
  86  8:22  Armory  
  86  8:23  Engineering Bay  
  86  8:25  SCV  
  86  8:26  SCV  
  88  8:27  Supply Depot  
  88  8:31  Marine  
  89  8:38  SCV x2  
  91  8:44  SCV  
  92  8:50  SCV x2  
  92  8:52  Marine x5  
  92  8:53  Marine x2  
  101  8:56  SCV  
  101  9:00  Supply Depot  
  101  9:01  Supply Depot x2  
  101  9:02  Supply Depot, SCV x2  
  104  9:08  SCV  
  104  9:10  Marine x5  
  104  9:13  Marine  
  109  9:22  Marine, Medivac x2, Siege Tank, SCV  
  118  9:27  Marine  
  118  9:28  Marine x3, Supply Depot x2  
  122  9:34  Refinery  
  122  9:35  Refinery  
  95  9:53  Marine x6  
  80  10:01  Marine  
  82  10:10  Marine  
  82  10:11  Marine x4  
Show
View Real Time Build Order
Export as new Build Order

zuka Protoss - Winner!

Build Orders: 1 Gate Expand 

Get SALT Encoding   

  12  0:01  Probe (Chrono Boost)  
  13  0:11  Probe (Chrono Boost)  
  14  0:18  Pylon  
  14  0:22  Probe (Chrono Boost)  
  15  0:36  Probe (Chrono Boost)  
  15  0:38  Gateway  
  16  0:47  Probe (Chrono Boost)  
  16  0:48  Assimilator  
  17  0:58  Probe (Chrono Boost)  
  18  1:08  Probe (Chrono Boost)  
  19  1:25  Nexus  
  19  1:27  Probe (Chrono Boost)  
  20  1:36  Cybernetics Core  
  20  1:38  Probe (Chrono Boost)  
  21  1:46  Assimilator  
  21  1:48  Probe (Chrono Boost)  
  21  1:53  Pylon  
  22  1:59  Probe (Chrono Boost)  
  23  2:13  Adept (Chrono Boost), Mothership Core (Chrono Boost)  
  27  2:20  Warp Gate  
  27  2:31  Probe  
  28  2:39  Adept (Chrono Boost)  
  28  2:40  Probe  
  28  2:43  Probe  
  32  2:51  Probe  
  32  2:56  Probe  
  34  3:00  Stargate  
  34  3:03  Probe  
  35  3:06  Pylon x2  
  35  3:08  Probe  
  36  3:14  Probe  
  36  3:16  Adept (Chrono Boost)  
  39  3:20  Probe  
  39  3:24  Probe  
  41  3:32  Probe  
  42  3:35  Probe  
  42  3:40  Forge  
  43  3:41  Gateway  
  43  3:44  Probe  
  43  3:45  Probe  
  45  4:03  Probe  
  45  4:04  Probe  
  45  4:09  Oracle (Chrono Boost)  
  50  4:13  Probe  
  50  4:16  Probe, Photon Cannon, Pylon  
  48  4:24  Probe  
  47  4:28  Probe, Gateway  
  49  4:33  Pylon  
  49  4:34  Probe, Gateway  
  49  4:36  Robotics Facility  
  50  4:41  Void Ray (Chrono Boost)  
  54  4:47  Photon Cannon  
  54  4:53  Protoss Ground Weapons Level 1  
  54  4:55  Pylon  
  54  4:59  Assimilator, Probe  
  55  5:00  Probe  
  55  5:03  Assimilator  
  56  5:11  Probe  
  57  5:20  Probe  
  57  5:23  Void Ray (Chrono Boost)  
  57  5:25  Immortal (Chrono Boost)  
  67  5:32  Zealot  
  68  5:36  Pylon  
  68  5:38  Pylon  
  68  5:42  Gateway  
  68  5:46  Robotics Bay  
  68  6:01  Zealot  
  68  6:02  Zealot x2  
  71  6:06  Void Ray (Chrono Boost)  
  75  6:19  Stalker  
  75  6:24  Pylon  
  78  6:30  Colossus (Chrono Boost)  
  83  6:38  Nexus  
  80  6:45  Void Ray (Chrono Boost)  
  80  6:46  Probe  
  81  6:51  Probe  
  86  6:59  Robotics Facility  
  86  7:04  Protoss Ground Armor Level 1 (Chrono Boost), Pylon  
  86  7:09  Photon Cannon  
  86  7:19  Colossus (Chrono Boost)  
  92  7:23  Zealot x2  
  92  7:27  Pylon  
  96  7:33  Assimilator  
  96  7:35  Assimilator  
  96  7:39  Extended Thermal Lance (Chrono Boost)  
  96  7:46  Probe x2  
  96  7:50  Zealot x2, Observer (Chrono Boost)  
  104  7:58  Probe  
  104  7:59  Probe  
  104  8:02  Stalker x2  
  104  8:04  Stalker  
  111  8:08  Probe  
  111  8:10  Probe  
  111  8:11  Probe  
  114  8:19  Stalker x2  
  118  8:20  Probe  
  118  8:21  Warp Prism  
  121  8:36  Twilight Council  
  121  8:37  Pylon  
  121  8:39  Probe x3  
  124  8:48  Forge  
  124  8:49  Colossus  
  124  8:54  Pylon  
  124  8:55  Stalker  
  132  9:01  Probe  
  133  9:09  Colossus  
  133  9:11  Probe, Pylon  
  133  9:12  Probe, Pylon  
  133  9:15  Pylon  
  140  9:29  Void Ray (Chrono Boost)  
  142  9:45  Stalker x5  
  130  10:08  Probe  
  130  10:09  Probe x2  
Tags
 
Add a new tag
Caveats
  • Supply blocks, unpowered buildings, or Contaminate may cause inaccurate times.
  • Supply counts are checked every 10 seconds.